[ AOE2 MATCH · #473666523 ]
UnrankedArmenians vs Koreans
[ REPLAY ANALYSIS · EXTRACTED FROM THE RECORDED GAME ]
Feudal
7:48
Castle
19:45
Imperial
34:06
| APM avg | 46.8 |
| APM peak | 84 |
| eAPM avg | 22.4 |
| Villagers / military | 161 / 79 |
Focus
⚔️ 31.6% · 🌾 68.4%
Spearman ×39 · Archer ×28 · Militia ×10 · Trebuchet (Packed) ×2
Feudal
9:47
Castle
13:34
Imperial
30:53
| APM avg | 46.1 |
| APM peak | 91 |
| eAPM avg | 26.5 |
| Villagers / military | 143 / 90 |
Focus
⚔️ 35.9% · 🌾 64.1%
War Wagon ×85 · Iron Pagoda ×3 · Scorpion ×2
Feudal
10:17
Castle
14:39
Imperial
32:34
| APM avg | 45.4 |
| APM peak | 114 |
| eAPM avg | 25.4 |
| Villagers / military | 172 / 119 |
Focus
⚔️ 29.3% · 🌾 70.7%
Knight ×59 · Spearman ×58 · Trebuchet (Packed) ×2
Feudal
8:01
Castle
18:21
Imperial
29:55
| APM avg | 32.3 |
| APM peak | 70 |
| eAPM avg | 17.1 |
| Villagers / military | 130 / 152 |
Focus
⚔️ 41.3% · 🌾 58.7%
Obuch ×135 · Spearman ×12 · Trade Cart ×5 · Scout Cavalry ×4 · Petard ×1
Feudal
9:22
Castle
13:17
Imperial
28:34
| APM avg | 45.9 |
| APM peak | 80 |
| eAPM avg | 31.7 |
| Villagers / military | 139 / 187 |
Focus
⚔️ 40.0% · 🌾 60.0%
Centurion ×171 · Monk ×9 · Trebuchet (Packed) ×7
Feudal
10:41
Castle
14:36
Imperial
31:21
| APM avg | 52.2 |
| APM peak | 92 |
| eAPM avg | 36.2 |
| Villagers / military | 185 / 98 |
Focus
⚔️ 43.3% · 🌾 56.7%
Spearman ×73 · Knight ×22 · Mangonel ×2 · Battering Ram ×1
Feudal
8:06
Castle
14:39
Imperial
30:10
| APM avg | 35.2 |
| APM peak | 80 |
| eAPM avg | 18.1 |
| Villagers / military | 128 / 79 |
Focus
⚔️ 34.1% · 🌾 65.9%
Mangudai ×56 · Battering Ram ×14 · Scout Cavalry ×9
Feudal
8:32
Castle
12:52
Imperial
28:58
| APM avg | 28.2 |
| APM peak | 55 |
| eAPM avg | 19.2 |
| Villagers / military | 158 / 99 |
Focus
⚔️ 32.7% · 🌾 67.3%
Boyar ×92 · Battering Ram ×7
Match map
Initial resources + every placement click. Lines = walls · curves = elevation contours. ◆ gold · ⬟ stone · ● berries · ✦ relic · ◌ wall gap
Your base· ✓ Closed at 19:45 · 10t walls · 1 gate(s)
SleepySwede's base· ✓ Closed at 13:34 · 69t walls · no gate
RudelyGreat's base· ✓ Closed at 14:39 · 62t walls · no gate
Spaden's base· ✓ Closed at 18:21 · 52t walls · no gate
Ganji's base· Open — opponent sealed themselves in
Kaeften's base· ✓ Closed at 14:36 · 53t walls · no gate
Gripen's base· ✓ Closed at 14:39 · 0t walls · no gate
nalle k's base· ✓ Closed at 12:52 · 3t walls · no gate
Smoothed initial terrain · ◌ = detected wall gap · hover for details
Inputs per minute
— Yakul - - SleepySwede
Build order — Yakul
First 150 of 415 actions detected
| 0:02 | Research | Loom |
| 0:04 | Build | House |
| 0:05 | Build | House |
| 0:06 | Create | Villager (Male) ×4 |
| 1:24 | Create | Villager (Male) |
| 1:26 | Build | Mule Cart |
| 1:58 | Create | Villager (Male) |
| 2:07 | Create | Villager (Male) |
| 2:39 | Create | Villager (Male) |
| 3:00 | Create | Villager (Male) |
| 3:18 | Build | House |
| 3:24 | Create | Villager (Male) |
| 4:23 | Create | Villager (Male) |
| 4:42 | Build | Barracks |
| 5:07 | Create | Villager (Male) |
| 5:38 | Research | Feudal Age |
| 6:05 | Build | House |
| 7:06 | Create | Villager (Male) |
| 7:14 | Build | Mule Cart |
| 7:20 | Create | Villager (Male) |
| 7:48 | Age | Feudal Age |
| 7:50 | Build | Archery Range |
| 7:53 | Build | Archery Range |
| 8:09 | Create | Villager (Male) |
| 8:36 | Build | House |
| 8:42 | Create | Villager (Male) |
| 8:47 | Research | Double-Bit Axe |
| 8:58 | Create | Archer |
| 8:59 | Create | Archer |
| 9:05 | Build | House |
| 9:20 | Create | Villager (Male) |
| 9:32 | Build | Blacksmith |
| 9:40 | Create | Archer |
| 9:46 | Build | House |
| 9:47 | Create | Villager (Male) |
| 9:48 | Create | Archer |
| 10:02 | Create | Villager (Male) |
| 10:18 | Create | Archer |
| 10:21 | Build | House |
| 10:26 | Create | Archer |
| 10:30 | Create | Villager (Male) |
| 10:54 | Build | Mill |
| 11:10 | Create | Villager (Male) |
| 11:21 | Build | House |
| 11:30 | Create | Villager (Male) |
| 11:38 | Build | Palisade Wall |
| 11:55 | Research | Fletching |
| 11:56 | Create | Villager (Male) |
| 11:59 | Create | Archer |
| 11:59 | Create | Archer |
| 12:17 | Create | Villager (Male) |
| 13:06 | Create | Villager (Male) |
| 13:07 | Research | Horse Collar |
| 13:10 | Build | Farm |
| 13:10 | Build | Farm |
| 13:10 | Build | Farm |
| 13:14 | Build | Farm |
| 13:14 | Build | Farm |
| 13:15 | Build | Farm |
| 13:20 | Build | Palisade Wall |
| 13:36 | Create | Villager (Male) |
| 13:38 | Build | Farm |
| 13:49 | Create | Villager (Male) |
| 14:18 | Build | Farm |
| 14:21 | Create | Villager (Male) |
| 14:25 | Build | Farm |
| 14:29 | Build | Palisade Gate |
| 14:33 | Build | House |
| 14:43 | Create | Villager (Male) |
| 15:05 | Build | House |
| 15:13 | Build | Farm |
| 15:17 | Create | Villager (Male) |
| 15:37 | Create | Villager (Male) |
| 16:11 | Build | Palisade Gate |
| 16:12 | Build | Palisade Wall |
| 16:25 | Build | Market |
| 16:38 | Create | Villager (Male) |
| 17:00 | Build | Farm |
| 17:05 | Research | Castle Age |
| 17:08 | Create | Archer |
| 17:08 | Create | Archer |
| 17:29 | Create | Archer |
| 17:29 | Create | Archer |
| 18:08 | Research | Gold Mining |
| 18:15 | Create | Archer |
| 18:15 | Create | Archer |
| 18:18 | Create | Archer |
| 18:18 | Create | Archer |
| 18:22 | Create | Villager (Male) |
| 18:58 | Create | Archer |
| 18:58 | Create | Archer |
| 19:45 | Age | Castle Age |
| 19:47 | Build | Town Center |
| 19:58 | Build | Town Center |
| 20:08 | Research | Crossbowman (upgrade) |
| 20:09 | Research | Bodkin Arrow |
| 20:11 | Research | Padded Archer Armor |
| 20:15 | Create | Villager (Male) |
| 20:15 | Create | Villager (Male) |
| 20:24 | Research | Bow Saw |
| 20:25 | Create | Villager (Male) |
| 20:37 | Research | Wheelbarrow |
| 20:38 | Create | Villager (Male) |
| 20:43 | Build | House |
| 20:48 | Build | House |
| 20:50 | Build | House |
| 20:56 | Create | Villager (Male) |
| 21:22 | Create | Villager (Male) |
| 21:23 | Create | Villager (Male) |
| 21:24 | Create | Villager (Male) |
| 21:24 | Create | Villager (Male) |
| 21:24 | Create | Villager (Male) |
| 21:25 | Create | Archer |
| 21:26 | Create | Archer |
| 21:45 | Create | Villager (Male) |
| 21:48 | Build | Farm |
| 21:48 | Build | Farm |
| 21:52 | Create | Villager (Male) |
| 22:15 | Create | Villager (Male) |
| 22:21 | Build | Stone Wall |
| 22:31 | Build | Farm |
| 22:32 | Build | Farm |
| 22:32 | Build | Farm |
| 22:32 | Build | Farm |
| 22:36 | Create | Villager (Male) |
| 22:36 | Create | Villager (Male) |
| 22:46 | Build | House |
| 22:48 | Build | House |
| 22:49 | Create | Villager (Male) |
| 22:50 | Create | Villager (Male) |
| 23:01 | Build | Town Center |
| 23:06 | Create | Villager (Male) |
| 23:06 | Create | Villager (Male) |
| 23:13 | Create | Villager (Male) |
| 23:19 | Build | Gate |
| 23:21 | Build | Stone Wall |
| 23:28 | Create | Villager (Male) |
| 23:34 | Build | Mill |
| 23:35 | Build | Farm |
| 23:35 | Build | Farm |
| 23:35 | Build | Farm |
| 23:35 | Build | Farm |
| 23:36 | Build | Farm |
| 23:36 | Build | Farm |
| 23:50 | Create | Villager (Male) |
| 23:51 | Create | Villager (Male) |
| 24:03 | Create | Villager (Male) |
| 24:06 | Build | University |
| 24:13 | Research | Heavy Plow |
| 24:14 | Create | Villager (Male) |
Build order — SleepySwede
First 150 of 411 actions detected
| 0:00 | Create | Villager (Male) |
| 0:00 | Create | Villager (Male) |
| 0:01 | Build | House |
| 0:04 | Research | Loom |
| 0:04 | Research | Loom |
| 0:06 | Build | House |
| 0:07 | Build | House |
| 0:19 | Create | Villager (Male) |
| 0:19 | Create | Villager (Male) |
| 0:26 | Create | Villager (Male) |
| 0:26 | Create | Villager (Male) |
| 1:07 | Create | Villager (Male) |
| 1:33 | Create | Villager (Male) |
| 1:50 | Create | Villager (Male) |
| 1:50 | Create | Villager (Male) |
| 2:05 | Create | Villager (Male) |
| 2:12 | Build | Lumber Camp |
| 2:18 | Create | Villager (Male) |
| 3:17 | Create | Villager (Male) |
| 3:17 | Create | Villager (Male) |
| 3:44 | Create | Villager (Male) |
| 4:12 | Create | Villager (Male) |
| 4:35 | Build | House |
| 4:36 | Build | Palisade Wall |
| 4:44 | Create | Villager (Male) |
| 5:21 | Build | Mill |
| 5:36 | Build | House |
| 6:02 | Build | Palisade Wall |
| 6:02 | Build | Palisade Wall |
| 6:02 | Build | Palisade Wall |
| 6:04 | Build | Palisade Wall |
| 6:04 | Build | Palisade Wall |
| 6:15 | Create | Villager (Male) |
| 6:41 | Build | House |
| 6:45 | Create | Villager (Male) |
| 7:12 | Create | Villager (Male) |
| 7:26 | Build | Palisade Wall |
| 7:26 | Build | Palisade Wall |
| 7:27 | Build | Palisade Wall |
| 7:28 | Build | Palisade Wall |
| 7:31 | Build | Palisade Wall |
| 7:32 | Build | Palisade Wall |
| 7:37 | Research | Feudal Age |
| 7:50 | Build | Mining Camp |
| 8:00 | Build | Palisade Wall |
| 8:09 | Build | Palisade Wall |
| 8:17 | Build | Palisade Wall |
| 8:24 | Build | Mining Camp |
| 8:27 | Build | Mining Camp |
| 8:57 | Build | Palisade Wall |
| 8:57 | Build | Palisade Wall |
| 9:21 | Create | Villager (Male) |
| 9:21 | Create | Villager (Male) |
| 9:47 | Age | Feudal Age |
| 9:50 | Build | Market |
| 10:03 | Build | Blacksmith |
| 10:04 | Build | Palisade Wall |
| 10:54 | Research | Castle Age |
| 10:54 | Research | Castle Age |
| 11:22 | Build | House |
| 11:38 | Build | House |
| 11:58 | Build | Stone Wall |
| 12:01 | Build | Stone Wall |
| 12:02 | Build | Stone Wall |
| 12:13 | Build | Stone Wall |
| 12:14 | Build | Stone Wall |
| 12:14 | Build | Stone Wall |
| 12:15 | Build | Stone Wall |
| 12:16 | Build | Stone Wall |
| 12:34 | Build | House |
| 12:53 | Build | Market |
| 12:56 | Build | Stone Wall |
| 13:21 | Create | Villager (Male) |
| 13:29 | Build | Stone Wall |
| 13:31 | Build | Stone Wall |
| 13:34 | Age | Castle Age |
| 13:43 | Build | Siege Workshop |
| 13:49 | Create | Villager (Male) |
| 14:01 | Build | House |
| 14:02 | Build | House |
| 14:04 | Create | Scorpion |
| 14:05 | Create | Villager (Male) |
| 14:10 | Build | Palisade Wall |
| 14:13 | Build | Farm |
| 14:14 | Create | Villager (Male) |
| 14:22 | Build | Stone Wall |
| 14:25 | Build | Stone Wall |
| 14:25 | Build | Stone Wall |
| 14:26 | Build | Stone Wall |
| 14:27 | Build | Stone Wall |
| 14:28 | Build | Stone Wall |
| 14:29 | Build | Stone Wall |
| 14:29 | Build | Stone Wall |
| 14:31 | Build | Stone Wall |
| 14:33 | Create | Villager (Male) |
| 14:55 | Create | Villager (Male) |
| 15:06 | Build | Town Center |
| 15:08 | Create | Villager (Male) |
| 15:15 | Create | Villager (Male) |
| 15:31 | Build | Stone Wall |
| 15:37 | Research | Double-Bit Axe |
| 15:38 | Create | Villager (Male) |
| 16:11 | Build | Farm |
| 16:16 | Create | Villager (Male) |
| 16:20 | Build | Farm |
| 16:26 | Create | Villager (Male) |
| 16:32 | Create | Villager (Male) |
| 16:46 | Create | Villager (Male) |
| 16:48 | Build | Farm |
| 16:55 | Build | Farm |
| 17:08 | Build | Farm |
| 17:10 | Create | Villager (Male) |
| 17:23 | Create | Villager (Male) |
| 17:27 | Build | Farm |
| 17:32 | Build | Farm |
| 17:43 | Create | Villager (Male) |
| 17:56 | Create | Villager (Male) |
| 17:58 | Build | Farm |
| 17:59 | Build | Farm |
| 18:03 | Create | Villager (Male) |
| 18:06 | Build | Farm |
| 18:09 | Build | Farm |
| 18:26 | Research | Bow Saw |
| 18:38 | Build | Farm |
| 18:39 | Create | Villager (Male) |
| 18:48 | Create | Villager (Male) |
| 18:52 | Create | Villager (Male) |
| 18:53 | Create | Villager (Male) |
| 19:02 | Build | Farm |
| 19:04 | Build | Farm |
| 19:09 | Research | Horse Collar |
| 19:17 | Create | Villager (Male) |
| 19:17 | Create | Villager (Male) |
| 19:25 | Create | Villager (Male) |
| 19:25 | Create | Villager (Male) |
| 19:43 | Create | Villager (Male) |
| 19:50 | Build | Town Center |
| 19:53 | Create | Villager (Male) |
| 19:59 | Build | Farm |
| 20:02 | Create | Villager (Male) |
| 20:17 | Build | Farm |
| 20:17 | Create | Villager (Male) |
| 20:22 | Build | Farm |
| 20:23 | Create | Villager (Male) |
| 20:27 | Create | Villager (Male) |
| 20:27 | Create | Villager (Male) |
| 20:33 | Build | Farm |
| 20:40 | Build | House |
| 20:41 | Create | Villager (Male) |
| 20:58 | Create | Villager (Male) |
Build order — RudelyGreat
First 150 of 458 actions detected
| 0:03 | Create | Villager (Male) |
| 0:04 | Create | Villager (Male) |
| 0:04 | Create | Villager (Male) |
| 0:04 | Create | Villager (Male) |
| 0:05 | Build | House |
| 0:06 | Build | House |
| 0:07 | Build | House |
| 0:11 | Research | Loom |
| 0:21 | Create | Villager (Male) |
| 0:21 | Create | Villager (Male) |
| 0:22 | Create | Villager (Male) |
| 0:22 | Create | Villager (Male) |
| 0:27 | Create | Villager (Male) |
| 0:27 | Create | Villager (Male) |
| 1:16 | Create | Villager (Male) |
| 1:52 | Create | Villager (Male) |
| 2:18 | Create | Villager (Male) |
| 2:18 | Create | Villager (Male) |
| 2:35 | Build | Lumber Camp |
| 2:42 | Create | Villager (Male) |
| 2:51 | Create | Villager (Male) |
| 3:31 | Create | Villager (Male) |
| 3:31 | Create | Villager (Male) |
| 4:02 | Build | House |
| 4:15 | Create | Villager (Male) |
| 5:12 | Build | Mill |
| 5:13 | Create | Villager (Male) |
| 5:33 | Build | House |
| 5:37 | Build | House |
| 6:28 | Build | Palisade Wall |
| 7:05 | Build | Lumber Camp |
| 7:17 | Create | Villager (Male) |
| 7:17 | Create | Villager (Male) |
| 7:44 | Build | Palisade Wall |
| 7:48 | Create | Villager (Male) |
| 7:48 | Create | Villager (Male) |
| 8:00 | Research | Feudal Age |
| 8:05 | Build | Mining Camp |
| 8:17 | Build | Palisade Wall |
| 8:53 | Create | Villager (Male) |
| 9:05 | Build | Mill |
| 9:25 | Build | House |
| 9:44 | Build | Palisade Wall |
| 9:45 | Build | House |
| 9:51 | Create | Villager (Male) |
| 10:00 | Build | Palisade Wall |
| 10:02 | Build | Palisade Wall |
| 10:05 | Build | Palisade Wall |
| 10:17 | Age | Feudal Age |
| 10:23 | Build | Market |
| 10:37 | Build | Palisade Wall |
| 10:53 | Build | Blacksmith |
| 10:55 | Create | Villager (Male) |
| 10:58 | Build | Palisade Wall |
| 11:33 | Build | Mining Camp |
| 11:59 | Research | Castle Age |
| 12:07 | Build | Stone Wall |
| 12:14 | Build | Stone Wall |
| 12:27 | Research | Double-Bit Axe |
| 12:53 | Build | Stone Wall |
| 13:23 | Research | Horse Collar |
| 14:02 | Create | Villager (Male) |
| 14:03 | Create | Villager (Male) |
| 14:39 | Age | Castle Age |
| 14:42 | Build | Town Center |
| 14:45 | Create | Villager (Male) |
| 14:48 | Build | Town Center |
| 15:25 | Build | Farm |
| 15:25 | Build | Farm |
| 15:32 | Build | Farm |
| 15:32 | Build | Farm |
| 15:36 | Research | Bow Saw |
| 15:51 | Build | Farm |
| 16:03 | Create | Villager (Male) |
| 16:03 | Create | Villager (Male) |
| 16:08 | Create | Villager (Male) |
| 16:12 | Create | Villager (Male) |
| 16:13 | Create | Villager (Male) |
| 16:18 | Build | Farm |
| 16:20 | Build | Farm |
| 16:22 | Create | Villager (Male) |
| 16:27 | Build | Farm |
| 16:38 | Build | Farm |
| 16:44 | Create | Villager (Male) |
| 16:53 | Build | Farm |
| 16:54 | Create | Villager (Male) |
| 16:54 | Create | Villager (Male) |
| 17:07 | Create | Villager (Male) |
| 17:16 | Build | Farm |
| 17:16 | Create | Villager (Male) |
| 17:19 | Build | Farm |
| 17:26 | Create | Villager (Male) |
| 17:26 | Create | Villager (Male) |
| 17:32 | Build | Farm |
| 17:34 | Create | Villager (Male) |
| 17:34 | Create | Villager (Male) |
| 17:42 | Build | House |
| 17:42 | Create | Villager (Male) |
| 17:51 | Create | Villager (Male) |
| 17:53 | Build | Farm |
| 18:02 | Create | Villager (Male) |
| 18:04 | Build | Farm |
| 18:07 | Create | Villager (Male) |
| 18:10 | Create | Villager (Male) |
| 18:13 | Build | House |
| 18:17 | Build | Farm |
| 18:20 | Create | Villager (Male) |
| 18:25 | Create | Villager (Male) |
| 18:30 | Build | Farm |
| 18:38 | Create | Villager (Male) |
| 18:41 | Create | Villager (Male) |
| 18:47 | Build | Farm |
| 18:48 | Create | Villager (Male) |
| 18:56 | Build | Farm |
| 18:57 | Create | Villager (Male) |
| 18:57 | Create | Villager (Male) |
| 19:02 | Create | Villager (Male) |
| 19:11 | Create | Villager (Male) |
| 19:16 | Create | Villager (Male) |
| 19:32 | Research | Wheelbarrow |
| 19:33 | Create | Villager (Male) |
| 19:33 | Create | Villager (Male) |
| 19:39 | Build | Barracks |
| 19:44 | Create | Villager (Male) |
| 19:45 | Create | Villager (Male) |
| 19:49 | Build | Farm |
| 19:52 | Build | Farm |
| 19:53 | Create | Villager (Male) |
| 19:53 | Create | Villager (Male) |
| 19:56 | Build | House |
| 20:09 | Create | Villager (Male) |
| 20:11 | Build | Farm |
| 20:17 | Research | Scale Barding Armor |
| 20:21 | Build | Farm |
| 20:24 | Create | Villager (Male) |
| 20:27 | Create | Villager (Male) |
| 20:46 | Build | Stable |
| 20:51 | Create | Villager (Male) |
| 21:00 | Research | Gold Mining |
| 21:00 | Research | Gold Mining |
| 21:06 | Create | Villager (Male) |
| 21:09 | Create | Villager (Male) |
| 21:22 | Build | Stable |
| 21:24 | Research | Bloodlines |
| 21:25 | Research | Bloodlines |
| 21:33 | Create | Villager (Male) |
| 21:33 | Create | Villager (Male) |
| 21:33 | Create | Villager (Male) |
| 21:37 | Build | Farm |
| 21:38 | Build | Farm |
Build order — Spaden
First 150 of 338 actions detected
| 0:01 | Create | Villager (Male) ×4 |
| 0:03 | Build | House |
| 0:05 | Research | Loom |
| 0:05 | Create | Villager (Male) |
| 0:06 | Build | House |
| 0:29 | Create | Villager (Male) |
| 0:30 | Create | Villager (Male) |
| 0:40 | Create | Villager (Male) |
| 1:17 | Create | Villager (Male) |
| 1:35 | Build | Lumber Camp |
| 1:52 | Create | Villager (Male) |
| 1:58 | Create | Villager (Male) |
| 2:27 | Create | Villager (Male) |
| 2:36 | Create | Villager (Male) |
| 3:24 | Create | Villager (Male) |
| 3:29 | Create | Villager (Male) |
| 3:38 | Create | Villager (Male) |
| 4:18 | Build | House |
| 4:31 | Build | Mill |
| 4:38 | Create | Villager (Male) |
| 5:21 | Create | Villager (Male) |
| 5:51 | Research | Feudal Age |
| 7:02 | Create | Villager (Male) |
| 7:20 | Build | Barracks |
| 7:27 | Create | Villager (Male) |
| 7:28 | Create | Villager (Male) |
| 7:59 | Create | Villager (Male) |
| 8:01 | Age | Feudal Age |
| 8:10 | Build | Stable |
| 8:29 | Research | Double-Bit Axe |
| 8:31 | Create | Villager (Male) |
| 8:35 | Build | House |
| 8:44 | Create | Scout Cavalry |
| 8:44 | Create | Scout Cavalry |
| 8:56 | Build | Stone Wall |
| 9:01 | Create | Villager (Male) |
| 9:16 | Build | Mill |
| 9:18 | Create | Scout Cavalry |
| 9:40 | Create | Villager (Male) |
| 9:50 | Build | Stone Wall |
| 9:50 | Build | Stone Wall |
| 9:52 | Create | Villager (Male) |
| 10:09 | Build | Mining Camp |
| 10:31 | Create | Scout Cavalry |
| 10:46 | Create | Villager (Male) |
| 11:06 | Build | Stone Wall |
| 11:11 | Create | Villager (Male) |
| 11:29 | Create | Villager (Male) |
| 11:42 | Build | Stone Wall |
| 11:52 | Create | Villager (Male) |
| 12:05 | Create | Villager (Male) |
| 12:12 | Build | Lumber Camp |
| 12:43 | Build | House |
| 12:53 | Build | House |
| 12:59 | Create | Villager (Male) |
| 13:32 | Create | Villager (Male) |
| 13:36 | Research | Horse Collar |
| 13:36 | Research | Horse Collar |
| 13:43 | Build | Farm |
| 13:46 | Build | Farm |
| 13:50 | Build | House |
| 13:52 | Build | House |
| 13:55 | Create | Villager (Male) |
| 14:00 | Build | Mining Camp |
| 14:16 | Build | Stone Wall |
| 14:20 | Create | Villager (Male) |
| 14:30 | Build | Blacksmith |
| 14:50 | Create | Villager (Male) |
| 15:00 | Create | Villager (Male) |
| 15:21 | Build | Farm |
| 15:41 | Research | Castle Age |
| 16:27 | Create | Villager (Male) |
| 17:12 | Create | Villager (Male) |
| 17:13 | Create | Villager (Male) |
| 17:19 | Build | Farm |
| 17:22 | Build | Farm |
| 17:23 | Build | Farm |
| 17:26 | Build | Farm |
| 17:32 | Create | Villager (Male) |
| 17:43 | Research | Forging |
| 18:12 | Create | Villager (Male) |
| 18:21 | Age | Castle Age |
| 18:24 | Build | Town Center |
| 18:28 | Build | Town Center |
| 18:31 | Research | Bow Saw |
| 18:31 | Research | Bow Saw |
| 18:33 | Create | Villager (Male) |
| 18:52 | Research | Light Cavalry (upgrade) |
| 18:53 | Research | Husbandry |
| 19:18 | Research | Heavy Plow |
| 19:23 | Build | Farm |
| 19:31 | Build | Farm |
| 19:34 | Create | Villager (Male) ×2 |
| 19:38 | Create | Villager (Male) |
| 19:43 | Build | Farm |
| 19:58 | Create | Villager (Male) ×4 |
| 20:12 | Create | Villager (Male) |
| 20:24 | Build | Town Center |
| 20:25 | Create | Villager (Male) |
| 20:25 | Create | Villager (Male) |
| 20:26 | Create | Villager (Male) |
| 20:47 | Build | Castle |
| 20:52 | Build | Gate |
| 20:56 | Create | Villager (Male) |
| 20:56 | Create | Villager (Male) |
| 21:10 | Build | Farm |
| 21:14 | Build | Farm |
| 21:16 | Build | Farm |
| 21:18 | Build | Farm |
| 21:19 | Create | Villager (Male) |
| 21:22 | Build | Farm |
| 21:23 | Create | Villager (Male) |
| 21:33 | Create | Villager (Male) |
| 21:43 | Create | Villager (Male) |
| 21:57 | Create | Villager (Male) |
| 22:09 | Create | Villager (Male) ×4 |
| 22:23 | Create | Villager (Male) |
| 22:24 | Create | Villager (Male) |
| 22:31 | Build | Mill |
| 22:32 | Build | Farm |
| 22:32 | Build | Farm |
| 22:32 | Build | Farm |
| 22:33 | Build | Farm |
| 22:33 | Build | Farm |
| 22:33 | Build | Farm |
| 22:33 | Build | Farm |
| 22:34 | Build | Farm |
| 22:35 | Create | Villager (Male) |
| 22:39 | Build | Farm |
| 22:49 | Create | Villager (Male) |
| 22:56 | Create | Villager (Male) |
| 23:10 | Create | Villager (Male) |
| 23:10 | Create | Villager (Male) |
| 23:11 | Create | Villager (Male) |
| 23:11 | Create | Villager (Male) |
| 23:12 | Create | Villager (Male) |
| 23:12 | Create | Villager (Male) |
| 23:13 | Create | Villager (Male) |
| 23:24 | Create | Villager (Male) |
| 23:43 | Build | Mill |
| 23:43 | Build | Farm |
| 23:43 | Build | Farm |
| 23:44 | Build | Farm |
| 23:44 | Build | Farm |
| 23:44 | Build | Farm |
| 23:44 | Build | Farm |
| 23:45 | Build | Farm |
| 23:45 | Build | Farm |
| 23:46 | Create | Villager (Male) ×4 |
| 23:52 | Build | Outpost |
Build order — Ganji
First 150 of 484 actions detected
| 0:01 | Create | Villager (Male) |
| 0:01 | Create | Villager (Male) |
| 0:02 | Build | House |
| 0:03 | Build | House |
| 0:07 | Research | Loom |
| 0:07 | Create | Villager (Male) ×4 |
| 0:59 | Create | Villager (Male) |
| 1:42 | Build | Lumber Camp |
| 1:42 | Create | Villager (Male) |
| 1:44 | Create | Villager (Male) |
| 3:20 | Create | Villager (Male) |
| 3:20 | Create | Villager (Male) |
| 3:31 | Create | Villager (Male) |
| 3:32 | Create | Villager (Male) |
| 3:32 | Create | Villager (Male) |
| 3:32 | Create | Villager (Male) |
| 3:44 | Build | House |
| 3:45 | Build | House |
| 4:42 | Build | Mill |
| 4:59 | Create | Villager (Male) |
| 5:37 | Build | Mill |
| 6:07 | Create | Villager (Male) |
| 6:37 | Create | Villager (Male) |
| 7:09 | Research | Feudal Age |
| 7:09 | Research | Feudal Age |
| 7:28 | Build | Mining Camp |
| 7:34 | Build | Mining Camp |
| 7:48 | Create | Villager (Male) |
| 7:49 | Create | Villager (Male) |
| 9:20 | Build | House |
| 9:22 | Age | Feudal Age |
| 9:24 | Build | Market |
| 9:30 | Create | Villager (Male) |
| 9:47 | Build | Blacksmith |
| 10:15 | Build | House |
| 10:23 | Build | Palisade Wall |
| 10:31 | Research | Castle Age |
| 10:31 | Research | Castle Age |
| 10:37 | Build | Palisade Wall |
| 11:08 | Create | Villager (Male) |
| 11:09 | Create | Villager (Male) |
| 11:42 | Build | Palisade Gate |
| 11:49 | Build | Palisade Wall |
| 13:17 | Age | Castle Age |
| 13:21 | Build | Town Center |
| 13:24 | Build | Monastery |
| 13:26 | Create | Villager (Male) |
| 13:34 | Build | Town Center |
| 13:35 | Create | Villager (Male) |
| 13:42 | Build | Town Center |
| 13:42 | Create | Villager (Male) |
| 13:58 | Build | House |
| 14:00 | Build | House |
| 14:01 | Build | House |
| 14:07 | Create | Monk |
| 14:18 | Create | Villager (Male) |
| 14:27 | Create | Monk |
| 14:27 | Create | Villager (Male) |
| 14:47 | Create | Villager (Male) |
| 14:47 | Create | Villager (Male) |
| 14:52 | Create | Villager (Male) |
| 15:01 | Create | Villager (Male) |
| 15:01 | Create | Villager (Male) |
| 15:15 | Build | Monastery |
| 15:20 | Create | Villager (Male) |
| 15:21 | Create | Villager (Male) |
| 15:44 | Build | Farm |
| 15:45 | Build | Farm |
| 15:46 | Build | Farm |
| 15:53 | Create | Monk |
| 15:59 | Create | Villager (Male) |
| 16:01 | Create | Monk |
| 16:04 | Build | Farm |
| 16:25 | Create | Villager (Male) ×2 |
| 16:33 | Create | Villager (Male) |
| 16:33 | Create | Villager (Male) |
| 16:37 | Build | Farm |
| 16:38 | Build | Farm |
| 16:42 | Create | Villager (Male) |
| 16:43 | Create | Villager (Male) |
| 16:43 | Create | Villager (Male) |
| 16:46 | Build | Farm |
| 16:46 | Create | Villager (Male) |
| 16:55 | Create | Villager (Male) |
| 16:56 | Create | Villager (Male) |
| 16:56 | Create | Villager (Male) |
| 17:03 | Create | Villager (Male) |
| 17:13 | Create | Monk |
| 17:22 | Create | Villager (Male) ×3 |
| 17:33 | Create | Villager (Male) |
| 17:33 | Create | Monk |
| 17:49 | Create | Villager (Male) |
| 17:57 | Build | Town Center |
| 18:00 | Create | Villager (Male) |
| 18:04 | Build | House |
| 18:04 | Build | House |
| 18:05 | Build | House |
| 18:08 | Build | House |
| 18:09 | Create | Villager (Male) |
| 18:14 | Research | Wheelbarrow |
| 18:16 | Create | Villager (Male) |
| 18:18 | Create | Villager (Male) |
| 18:34 | Create | Monk |
| 18:37 | Create | Monk |
| 18:41 | Create | Villager (Male) |
| 18:42 | Create | Villager (Male) |
| 18:43 | Create | Villager (Male) |
| 18:44 | Create | Villager (Male) |
| 18:48 | Build | Mining Camp |
| 18:50 | Create | Villager (Male) |
| 18:52 | Build | Farm |
| 18:54 | Build | Farm |
| 19:07 | Create | Villager (Male) |
| 19:13 | Create | Villager (Male) |
| 19:14 | Create | Villager (Male) |
| 19:15 | Create | Villager (Male) |
| 19:23 | Research | Stone Mining |
| 19:24 | Research | Stone Mining |
| 19:26 | Create | Villager (Male) |
| 19:26 | Create | Villager (Male) |
| 19:31 | Create | Villager (Male) |
| 19:39 | Build | Farm |
| 19:41 | Build | Farm |
| 19:50 | Create | Monk |
| 19:52 | Create | Villager (Male) |
| 19:55 | Create | Villager (Male) |
| 19:55 | Create | Villager (Male) |
| 20:00 | Build | House |
| 20:01 | Build | House |
| 20:02 | Build | House |
| 20:05 | Create | Villager (Male) |
| 20:16 | Build | Castle |
| 20:17 | Create | Villager (Male) |
| 20:30 | Create | Villager (Male) |
| 20:31 | Create | Villager (Male) |
| 20:44 | Build | Farm |
| 20:45 | Create | Villager (Male) |
| 20:51 | Create | Villager (Male) ×3 |
| 20:59 | Create | Villager (Male) ×2 |
| 20:59 | Create | Villager (Male) ×2 |
| 21:04 | Create | Villager (Male) |
| 21:08 | Build | Lumber Camp |
| 21:20 | Create | Villager (Male) |
| 21:20 | Create | Villager (Male) |
| 21:28 | Create | Villager (Male) |
| 21:28 | Create | Villager (Male) |
| 21:41 | Create | Villager (Male) |
| 21:48 | Build | Castle |
| 21:54 | Create | Villager (Male) |
| 21:54 | Create | Villager (Male) |
Build order — Kaeften
First 150 of 455 actions detected
| 0:01 | Create | Villager (Male) ×4 |
| 0:02 | Build | House |
| 0:03 | Build | House |
| 0:05 | Research | Loom |
| 0:06 | Create | Villager (Male) |
| 0:06 | Create | Villager (Male) |
| 0:06 | Create | Villager (Male) |
| 0:20 | Create | Villager (Male) |
| 1:01 | Create | Villager (Male) |
| 1:31 | Build | Lumber Camp |
| 1:43 | Create | Villager (Male) |
| 2:10 | Build | House |
| 2:18 | Create | Villager (Male) |
| 2:32 | Create | Villager (Male) |
| 3:28 | Create | Villager (Male) |
| 4:00 | Build | House |
| 4:13 | Create | Villager (Male) |
| 4:26 | Build | Mill |
| 4:32 | Create | Villager (Male) |
| 4:55 | Create | Villager (Male) |
| 5:13 | Create | Villager (Male) |
| 6:01 | Create | Villager (Male) |
| 6:23 | Create | Villager (Male) |
| 6:37 | Create | Villager (Male) |
| 7:05 | Create | Villager (Male) |
| 7:12 | Build | House |
| 7:34 | Create | Villager (Male) |
| 7:38 | Build | Mill |
| 7:52 | Build | Palisade Wall |
| 7:54 | Create | Villager (Male) |
| 8:10 | Build | Palisade Wall |
| 8:17 | Build | Palisade Wall |
| 8:18 | Create | Villager (Male) |
| 8:25 | Build | Palisade Wall |
| 8:26 | Build | Palisade Wall |
| 8:28 | Research | Feudal Age |
| 8:36 | Build | Palisade Wall |
| 8:38 | Build | Palisade Wall |
| 8:44 | Create | Villager (Male) |
| 8:57 | Build | House |
| 9:13 | Build | Palisade Wall |
| 9:15 | Build | Palisade Wall |
| 9:17 | Build | Palisade Wall |
| 9:19 | Build | Palisade Wall |
| 9:39 | Build | Mining Camp |
| 10:19 | Create | Villager (Male) |
| 10:41 | Age | Feudal Age |
| 10:48 | Build | Blacksmith |
| 10:52 | Build | Market |
| 11:19 | Create | Villager (Male) |
| 11:29 | Create | Villager (Male) |
| 11:47 | Build | Lumber Camp |
| 11:56 | Research | Castle Age |
| 12:02 | Build | Stone Wall |
| 12:05 | Build | Stone Wall |
| 12:06 | Build | Stone Wall |
| 12:18 | Create | Villager (Male) |
| 12:35 | Research | Double-Bit Axe |
| 12:37 | Research | Horse Collar |
| 13:58 | Create | Villager (Male) |
| 14:24 | Build | Stone Wall |
| 14:36 | Age | Castle Age |
| 14:40 | Build | Town Center |
| 14:43 | Create | Villager (Male) |
| 14:43 | Research | Bow Saw |
| 14:56 | Build | Town Center |
| 15:18 | Create | Villager (Male) |
| 15:19 | Create | Villager (Male) |
| 15:21 | Create | Villager (Male) |
| 15:28 | Build | House |
| 15:32 | Build | House |
| 15:35 | Create | Villager (Male) |
| 15:35 | Create | Villager (Male) |
| 15:36 | Build | House |
| 15:41 | Build | House |
| 15:44 | Build | Palisade Wall |
| 15:46 | Build | House |
| 15:49 | Create | Villager (Male) |
| 15:49 | Create | Villager (Male) |
| 15:53 | Build | Palisade Wall |
| 15:57 | Build | Palisade Wall |
| 15:59 | Build | Palisade Wall |
| 16:01 | Create | Villager (Male) |
| 16:01 | Create | Villager (Male) |
| 16:06 | Build | Farm |
| 16:06 | Build | Farm |
| 16:07 | Create | Villager (Male) |
| 16:08 | Create | Villager (Male) |
| 16:22 | Create | Villager (Male) |
| 16:26 | Build | Farm |
| 16:27 | Create | Villager (Male) |
| 16:28 | Create | Villager (Male) |
| 16:34 | Create | Villager (Male) |
| 16:49 | Build | Mining Camp |
| 16:53 | Create | Villager (Male) |
| 16:57 | Build | House |
| 17:11 | Create | Villager (Male) |
| 17:18 | Build | Stone Wall |
| 17:21 | Build | Stone Wall |
| 17:29 | Build | Farm |
| 17:30 | Build | Farm |
| 17:32 | Build | Farm |
| 17:32 | Build | Farm |
| 17:39 | Create | Villager (Male) |
| 17:54 | Create | Villager (Male) |
| 17:54 | Create | Villager (Male) |
| 17:58 | Build | Farm |
| 17:59 | Create | Villager (Male) |
| 18:02 | Build | Farm |
| 18:13 | Build | Farm |
| 18:14 | Build | Farm |
| 18:19 | Create | Villager (Male) |
| 18:29 | Build | Farm |
| 18:31 | Create | Villager (Male) |
| 18:36 | Build | Stone Wall |
| 18:37 | Create | Villager (Male) |
| 18:44 | Build | Barracks |
| 18:47 | Create | Villager (Male) |
| 18:53 | Build | Farm |
| 18:54 | Build | Farm |
| 19:01 | Build | Farm |
| 19:08 | Create | Villager (Male) |
| 19:11 | Create | Villager (Male) |
| 19:14 | Create | Villager (Male) |
| 19:17 | Build | Farm |
| 19:18 | Create | Villager (Male) |
| 19:20 | Build | Farm |
| 19:23 | Build | Farm |
| 19:35 | Create | Villager (Male) |
| 19:42 | Create | Villager (Male) |
| 19:46 | Build | Farm |
| 19:48 | Build | Stable |
| 19:50 | Create | Villager (Male) |
| 20:00 | Build | Farm |
| 20:01 | Create | Villager (Male) |
| 20:03 | Build | Farm |
| 20:06 | Build | Farm |
| 20:10 | Create | Villager (Male) |
| 20:12 | Build | Farm |
| 20:16 | Create | Villager (Male) |
| 20:21 | Create | Villager (Male) |
| 20:26 | Build | Stable |
| 20:28 | Create | Villager (Male) |
| 20:32 | Create | Villager (Male) |
| 20:35 | Build | Farm |
| 20:40 | Create | Knight |
| 20:44 | Build | Farm |
| 20:46 | Build | Farm |
| 20:48 | Create | Villager (Male) |
| 20:58 | Create | Villager (Male) |
Build order — Gripen
First 150 of 336 actions detected
| 0:01 | Create | Villager (Male) |
| 0:02 | Build | House |
| 0:04 | Build | House |
| 0:15 | Build | Lumber Camp |
| 0:22 | Create | Villager (Male) |
| 0:38 | Create | Villager (Male) |
| 0:50 | Create | Villager (Male) |
| 1:12 | Create | Villager (Male) |
| 1:12 | Create | Villager (Male) |
| 1:12 | Create | Villager (Male) |
| 1:34 | Create | Villager (Male) |
| 2:15 | Create | Villager (Male) |
| 2:36 | Create | Villager (Male) |
| 2:57 | Build | Mill |
| 3:01 | Create | Villager (Male) |
| 3:50 | Build | House |
| 3:55 | Create | Villager (Male) |
| 4:15 | Create | Villager (Male) |
| 4:44 | Create | Villager (Male) |
| 5:20 | Create | Villager (Male) |
| 5:37 | Create | Villager (Male) |
| 5:56 | Research | Feudal Age |
| 6:02 | Build | Barracks |
| 7:25 | Build | House |
| 7:44 | Create | Villager (Male) |
| 8:06 | Age | Feudal Age |
| 8:09 | Build | Stable |
| 8:11 | Create | Villager (Male) |
| 8:32 | Research | Double-Bit Axe |
| 8:40 | Build | House |
| 8:43 | Create | Villager (Male) |
| 9:02 | Create | Scout Cavalry |
| 9:03 | Create | Scout Cavalry |
| 9:03 | Create | Scout Cavalry |
| 9:03 | Create | Scout Cavalry |
| 9:05 | Create | Villager (Male) |
| 9:22 | Build | Blacksmith |
| 9:46 | Create | Villager (Male) |
| 10:16 | Build | House |
| 10:17 | Build | House |
| 10:19 | Create | Villager (Male) |
| 10:22 | Build | Mining Camp |
| 10:27 | Create | Villager (Male) |
| 10:41 | Create | Villager (Male) |
| 11:28 | Build | Market |
| 11:32 | Create | Villager (Male) |
| 11:54 | Build | Mill |
| 11:58 | Research | Castle Age |
| 12:55 | Research | Loom |
| 13:52 | Research | Scale Barding Armor |
| 13:55 | Research | Forging |
| 14:24 | Create | Villager (Male) |
| 14:39 | Age | Castle Age |
| 14:41 | Create | Villager (Male) |
| 14:57 | Build | Town Center |
| 15:01 | Build | Town Center |
| 15:15 | Research | Bow Saw |
| 15:18 | Create | Villager (Male) |
| 15:18 | Create | Villager (Male) |
| 15:19 | Create | Villager (Male) |
| 15:49 | Create | Villager (Male) |
| 15:49 | Create | Villager (Male) |
| 16:09 | Build | Farm |
| 16:12 | Build | Farm |
| 16:14 | Build | Farm |
| 16:17 | Build | Farm |
| 16:20 | Build | Farm |
| 16:23 | Build | Farm |
| 16:26 | Build | Farm |
| 16:28 | Create | Villager (Male) |
| 16:32 | Build | Farm |
| 16:46 | Build | Farm |
| 16:49 | Build | Farm |
| 16:55 | Build | Farm |
| 16:57 | Build | Farm |
| 16:58 | Build | Farm |
| 17:01 | Create | Villager (Male) |
| 17:04 | Build | Farm |
| 17:06 | Build | House |
| 17:07 | Create | Villager (Male) |
| 17:11 | Create | Villager (Male) |
| 17:17 | Build | Farm |
| 17:19 | Build | Farm |
| 17:31 | Create | Villager (Male) |
| 17:33 | Build | Farm |
| 17:35 | Build | Farm |
| 17:36 | Build | House |
| 17:38 | Build | House |
| 17:39 | Create | Villager (Male) |
| 17:43 | Create | Villager (Male) |
| 17:51 | Create | Villager (Male) |
| 17:51 | Create | Villager (Male) |
| 18:07 | Create | Villager (Male) |
| 18:10 | Build | Farm |
| 18:12 | Build | Farm |
| 18:14 | Create | Villager (Male) |
| 18:17 | Build | Farm |
| 18:21 | Build | Farm |
| 18:22 | Build | House |
| 18:23 | Create | Villager (Male) |
| 18:23 | Create | Villager (Male) |
| 18:23 | Create | Villager (Male) |
| 18:34 | Create | Villager (Male) |
| 18:38 | Create | Villager (Male) |
| 18:40 | Build | Farm |
| 18:53 | Create | Villager (Male) |
| 18:53 | Create | Villager (Male) |
| 18:54 | Create | Villager (Male) |
| 18:56 | Build | Farm |
| 18:59 | Create | Villager (Male) |
| 19:07 | Build | Farm |
| 19:13 | Create | Villager (Male) |
| 19:13 | Create | Villager (Male) |
| 19:13 | Create | Villager (Male) |
| 19:14 | Create | Villager (Male) |
| 19:21 | Build | Farm |
| 19:21 | Build | House |
| 19:23 | Create | Villager (Male) |
| 19:54 | Create | Villager (Male) |
| 19:55 | Create | Villager (Male) |
| 20:00 | Create | Villager (Male) |
| 20:00 | Create | Villager (Male) |
| 20:08 | Research | Wheelbarrow |
| 20:15 | Build | Farm |
| 20:23 | Create | Villager (Male) |
| 20:23 | Create | Villager (Male) |
| 20:24 | Create | Villager (Male) |
| 20:41 | Create | Villager (Male) |
| 20:41 | Create | Villager (Male) |
| 20:42 | Create | Villager (Male) |
| 20:46 | Build | Farm |
| 20:46 | Build | House |
| 20:54 | Build | Town Center |
| 21:08 | Build | Lumber Camp |
| 21:21 | Research | Loom |
| 21:22 | Create | Villager (Male) |
| 21:23 | Create | Villager (Male) |
| 21:23 | Create | Villager (Male) |
| 21:23 | Create | Villager (Male) |
| 21:23 | Create | Villager (Male) |
| 21:28 | Build | Farm |
| 21:35 | Build | Farm |
| 21:51 | Create | Villager (Male) |
| 21:51 | Create | Villager (Male) |
| 21:51 | Create | Villager (Male) |
| 21:52 | Create | Villager (Male) |
| 21:52 | Create | Villager (Male) |
| 22:03 | Research | Hand Cart |
| 22:03 | Create | Villager (Male) |
| 22:04 | Create | Villager (Male) |
Build order — nalle k
First 150 of 438 actions detected
| 0:01 | Create | Villager (Male) |
| 0:02 | Build | House |
| 0:03 | Research | Loom |
| 0:06 | Build | House |
| 0:22 | Create | Villager (Male) |
| 0:22 | Create | Villager (Male) |
| 0:29 | Create | Villager (Male) |
| 0:30 | Create | Villager (Male) |
| 1:05 | Build | Lumber Camp |
| 1:06 | Create | Villager (Male) |
| 1:51 | Create | Villager (Male) |
| 1:53 | Create | Villager (Male) |
| 3:00 | Build | House |
| 3:24 | Create | Villager (Male) |
| 3:25 | Create | Villager (Male) |
| 3:26 | Create | Villager (Male) |
| 3:27 | Create | Villager (Male) |
| 4:08 | Build | Mill |
| 4:20 | Create | Villager (Male) |
| 4:45 | Create | Villager (Male) |
| 4:48 | Create | Villager (Male) |
| 5:33 | Build | House |
| 6:12 | Build | Mining Camp |
| 6:22 | Research | Feudal Age |
| 6:50 | Create | Villager (Male) |
| 6:50 | Create | Villager (Male) |
| 8:32 | Age | Feudal Age |
| 8:37 | Build | Market |
| 8:39 | Build | Palisade Wall |
| 8:52 | Create | Villager (Male) |
| 9:03 | Build | Blacksmith |
| 9:10 | Build | Palisade Wall |
| 10:12 | Research | Castle Age |
| 11:16 | Build | Stone Wall |
| 11:25 | Research | Double-Bit Axe |
| 11:26 | Research | Horse Collar |
| 11:47 | Create | Villager (Male) |
| 12:52 | Age | Castle Age |
| 12:56 | Create | Villager (Male) |
| 13:00 | Build | Town Center |
| 13:15 | Create | Villager (Male) |
| 13:34 | Research | Bow Saw |
| 13:41 | Create | Villager (Male) |
| 13:45 | Build | House |
| 14:00 | Create | Villager (Male) |
| 14:13 | Build | Town Center |
| 14:32 | Create | Villager (Male) |
| 14:33 | Create | Villager (Male) |
| 14:39 | Build | Farm |
| 14:44 | Create | Villager (Male) |
| 14:53 | Create | Villager (Male) |
| 14:56 | Build | Farm |
| 15:04 | Create | Villager (Male) |
| 15:11 | Create | Villager (Male) |
| 15:16 | Build | Farm |
| 15:26 | Create | Villager (Male) |
| 15:31 | Build | Farm |
| 15:32 | Create | Villager (Male) |
| 15:48 | Create | Villager (Male) |
| 15:51 | Build | Farm |
| 15:57 | Create | Villager (Male) |
| 15:58 | Create | Villager (Male) |
| 16:06 | Create | Villager (Male) |
| 16:08 | Build | Farm |
| 16:18 | Create | Villager (Male) |
| 16:23 | Build | Farm |
| 16:24 | Build | Farm |
| 16:25 | Create | Villager (Male) |
| 16:36 | Create | Villager (Male) |
| 16:38 | Build | Farm |
| 16:39 | Build | Farm |
| 16:43 | Build | House |
| 16:52 | Create | Villager (Male) |
| 16:56 | Create | Villager (Male) |
| 17:05 | Create | Villager (Male) |
| 17:12 | Create | Villager (Male) |
| 17:20 | Create | Villager (Male) |
| 17:31 | Build | House |
| 17:32 | Create | Villager (Male) |
| 17:37 | Build | House |
| 17:50 | Build | Town Center |
| 17:52 | Create | Villager (Male) |
| 17:56 | Build | Farm |
| 17:57 | Build | Farm |
| 18:00 | Build | Farm |
| 18:00 | Create | Villager (Male) |
| 18:02 | Create | Villager (Male) |
| 18:05 | Build | Farm |
| 18:07 | Build | Farm |
| 18:14 | Build | Farm |
| 18:15 | Create | Villager (Male) |
| 18:22 | Build | House |
| 18:23 | Build | House |
| 18:24 | Create | Villager (Male) |
| 18:26 | Build | Farm |
| 18:32 | Create | Villager (Male) |
| 18:39 | Build | Farm |
| 18:45 | Build | Farm |
| 18:46 | Create | Villager (Male) |
| 18:47 | Create | Villager (Male) |
| 18:56 | Create | Villager (Male) |
| 19:00 | Build | Farm |
| 19:08 | Create | Villager (Male) |
| 19:11 | Create | Villager (Male) |
| 19:13 | Build | Farm |
| 19:14 | Build | Farm |
| 19:15 | Create | Villager (Male) |
| 19:17 | Build | Farm |
| 19:17 | Build | Farm |
| 19:24 | Create | Villager (Male) |
| 19:26 | Build | Farm |
| 19:28 | Create | Villager (Male) |
| 19:33 | Create | Villager (Male) |
| 19:41 | Create | Villager (Male) |
| 19:44 | Build | Farm |
| 19:45 | Build | Farm |
| 19:45 | Create | Villager (Male) |
| 19:51 | Build | Farm |
| 19:53 | Build | House |
| 19:54 | Build | House |
| 19:56 | Build | Farm |
| 19:57 | Create | Villager (Male) |
| 20:00 | Create | Villager (Male) |
| 20:06 | Build | Outpost |
| 20:07 | Create | Villager (Male) |
| 20:09 | Create | Villager (Male) |
| 20:13 | Build | Farm |
| 20:13 | Build | Farm |
| 20:14 | Create | Villager (Male) |
| 20:18 | Build | Farm |
| 20:24 | Research | Heavy Plow |
| 20:25 | Create | Villager (Male) |
| 20:26 | Create | Villager (Male) |
| 20:30 | Create | Villager (Male) |
| 20:33 | Build | Farm |
| 20:36 | Create | Villager (Male) |
| 20:40 | Build | Farm |
| 20:41 | Create | Villager (Male) |
| 20:44 | Create | Villager (Male) |
| 20:49 | Build | Farm |
| 20:50 | Create | Villager (Male) |
| 20:53 | Build | House |
| 20:54 | Build | House |
| 20:55 | Build | House |
| 20:55 | Build | House |
| 20:57 | Create | Villager (Male) |
| 20:59 | Create | Villager (Male) |
| 21:04 | Build | Farm |
| 21:04 | Create | Villager (Male) |
| 21:06 | Create | Villager (Male) |
Match timeline
| 4:36 | SleepySwede · wall_segment Palisade Wall x1 |
| 4:42 | Yakul · first_building Barracks |
| 6:02 | SleepySwede · wall_segment Palisade Wall x1 |
| 6:02 | SleepySwede · wall_segment Palisade Wall x1 |
| 6:02 | Gripen · first_building Barracks |
| 6:02 | SleepySwede · wall_segment Palisade Wall x1 |
| 6:04 | SleepySwede · wall_segment Palisade Wall x6 |
| 6:04 | SleepySwede · wall_segment Palisade Wall x2 |
| 6:28 | RudelyGreat · wall_segment Palisade Wall x12 |
| 7:20 | Spaden · first_building Barracks |
| 7:26 | SleepySwede · wall_segment Palisade Wall x1 |
| 7:26 | SleepySwede · wall_segment Palisade Wall x1 |
| 7:27 | SleepySwede · wall_segment Palisade Wall x1 |
| 7:28 | SleepySwede · wall_segment Palisade Wall x1 |
| 7:31 | SleepySwede · wall_segment Palisade Wall x1 |
| 7:32 | SleepySwede · wall_segment Palisade Wall x1 |
| 7:44 | RudelyGreat · wall_segment Palisade Wall x11 |
| 7:48 | Yakul · age_up feudal |
| 7:50 | Yakul · first_building Archery Range |
| 7:52 | Kaeften · wall_segment Palisade Wall x6 |
| 8:00 | SleepySwede · wall_segment Palisade Wall x4 |
| 8:01 | Spaden · age_up feudal |
| 8:06 | Gripen · age_up feudal |
| 8:09 | SleepySwede · wall_segment Palisade Wall x8 |
| 8:09 | Gripen · first_building Stable |
| 8:10 | Spaden · first_building Stable |
| 8:10 | Kaeften · wall_segment Palisade Wall x11 |
| 8:17 | Kaeften · wall_segment Palisade Wall x6 |
| 8:17 | RudelyGreat · wall_segment Palisade Wall x9 |
| 8:17 | SleepySwede · wall_segment Palisade Wall x8 |
| 8:25 | Kaeften · wall_segment Palisade Wall x3 |
| 8:26 | Kaeften · wall_segment Palisade Wall x1 |
| 8:32 | nalle k · age_up feudal |
| 8:36 | Kaeften · wall_segment Palisade Wall x4 |
| 8:38 | Kaeften · wall_segment Palisade Wall x7 |
| 8:39 | nalle k · wall_segment Palisade Wall x1 |
| 8:56 | Spaden · wall_segment Stone Wall x14 |
| 8:57 | SleepySwede · wall_segment Palisade Wall x1 |
| 8:57 | SleepySwede · wall_segment Palisade Wall x1 |
| 9:10 | nalle k · wall_segment Palisade Wall x1 |
| 9:13 | Kaeften · wall_segment Palisade Wall x1 |
| 9:15 | Kaeften · wall_segment Palisade Wall x1 |
| 9:17 | Kaeften · wall_segment Palisade Wall x1 |
| 9:19 | Kaeften · wall_segment Palisade Wall x1 |
| 9:22 | Ganji · age_up feudal |
| 9:44 | RudelyGreat · wall_segment Palisade Wall x1 |
| 9:47 | SleepySwede · age_up feudal |
| 9:50 | Spaden · wall_segment Stone Wall x16 |
| 9:50 | Spaden · wall_segment Stone Wall x1 |
| 10:00 | RudelyGreat · wall_segment Palisade Wall x1 |
| 10:02 | RudelyGreat · wall_segment Palisade Wall x1 |
| 10:04 | SleepySwede · wall_segment Palisade Wall x1 |
| 10:05 | RudelyGreat · wall_segment Palisade Wall x6 |
| 10:17 | RudelyGreat · age_up feudal |
| 10:23 | Ganji · wall_segment Palisade Wall x15 |
| 10:37 | RudelyGreat · wall_segment Palisade Wall x8 |
| 10:37 | Ganji · wall_segment Palisade Wall x3 |
| 10:41 | Kaeften · age_up feudal |
| 10:58 | RudelyGreat · wall_segment Palisade Wall x4 |
| 11:06 | Spaden · wall_segment Stone Wall x10 |
| 11:16 | nalle k · wall_segment Stone Wall x1 |
| 11:38 | Yakul · wall_segment Palisade Wall x6 |
| 11:42 | Spaden · wall_segment Stone Wall x10 |
| 11:49 | Ganji · wall_segment Palisade Wall x1 |
| 11:58 | SleepySwede · wall_segment Stone Wall x6 |
| 12:01 | SleepySwede · wall_segment Stone Wall x3 |
| 12:02 | SleepySwede · wall_segment Stone Wall x1 |
| 12:02 | Kaeften · wall_segment Stone Wall x4 |
| 12:05 | Kaeften · wall_segment Stone Wall x3 |
| 12:06 | Kaeften · wall_segment Stone Wall x1 |
| 12:07 | RudelyGreat · wall_segment Stone Wall x4 |
| 12:13 | SleepySwede · wall_segment Stone Wall x2 |
| 12:14 | SleepySwede · wall_segment Stone Wall x1 |
| 12:14 | SleepySwede · wall_segment Stone Wall x1 |
| 12:14 | RudelyGreat · wall_segment Stone Wall x9 |
| 12:15 | SleepySwede · wall_segment Stone Wall x3 |
| 12:16 | SleepySwede · wall_segment Stone Wall x1 |
| 12:33 | nalle k · first_market_buy 100 wood |
| 12:52 | nalle k · age_up castle |
| 12:53 | RudelyGreat · wall_segment Stone Wall x6 |
| 12:56 | SleepySwede · wall_segment Stone Wall x6 |
| 13:17 | Ganji · age_up castle |
| 13:20 | Yakul · wall_segment Palisade Wall x3 |
| 13:24 | Ganji · first_building Monastery |
| 13:29 | SleepySwede · wall_segment Stone Wall x3 |
| 13:31 | SleepySwede · wall_segment Stone Wall x3 |
| 13:34 | SleepySwede · age_up castle |
| 13:43 | SleepySwede · first_building Siege Workshop |
| 14:10 | SleepySwede · wall_segment Palisade Wall x1 |
| 14:16 | Spaden · wall_segment Stone Wall x1 |
| 14:22 | SleepySwede · wall_segment Stone Wall x1 |
| 14:24 | Kaeften · wall_segment Stone Wall x3 |
| 14:25 | SleepySwede · wall_segment Stone Wall x1 |
| 14:25 | SleepySwede · wall_segment Stone Wall x1 |
| 14:26 | SleepySwede · wall_segment Stone Wall x1 |
| 14:27 | SleepySwede · wall_segment Stone Wall x1 |
| 14:28 | SleepySwede · wall_segment Stone Wall x1 |
| 14:29 | SleepySwede · wall_segment Stone Wall x1 |
| 14:29 | SleepySwede · wall_segment Stone Wall x1 |
| 14:31 | SleepySwede · wall_segment Stone Wall x4 |
| 14:36 | Kaeften · age_up castle |
| 14:39 | RudelyGreat · age_up castle |
| 14:39 | Gripen · age_up castle |
| 14:46 | Kaeften · first_market_buy 100 wood |
| 15:01 | SleepySwede · first_market_buy 100 wood |
| 15:31 | SleepySwede · wall_segment Stone Wall x1 |
| 15:34 | RudelyGreat · first_market_buy 100 food |
| 15:34 | Gripen · first_market_buy 100 stone |
| 15:44 | Kaeften · wall_segment Palisade Wall x1 |
| 15:53 | Kaeften · wall_segment Palisade Wall x1 |
| 15:57 | Kaeften · wall_segment Palisade Wall x1 |
| 15:59 | Kaeften · wall_segment Palisade Wall x1 |
| 16:12 | Yakul · wall_segment Palisade Wall x1 |
| 16:24 | Ganji · first_market_buy 100 food |
| 17:02 | Yakul · first_market_buy 100 food |
| 17:18 | Kaeften · wall_segment Stone Wall x4 |
| 17:21 | Kaeften · wall_segment Stone Wall x1 |
| 18:21 | Spaden · age_up castle |
| 18:36 | Kaeften · wall_segment Stone Wall x5 |
| 18:44 | Kaeften · first_building Barracks |
| 19:39 | RudelyGreat · first_building Barracks |
| 19:45 | Yakul · age_up castle |
| 19:48 | Kaeften · first_building Stable |
| 20:16 | Ganji · first_building Castle |
| 20:46 | RudelyGreat · first_building Stable |
| 20:47 | Spaden · first_building Castle |
| 22:21 | Yakul · wall_segment Stone Wall x8 |
| 23:05 | nalle k · wall_segment Stone Wall x4 |
| 23:21 | Yakul · wall_segment Stone Wall x2 |
| 23:26 | SleepySwede · wall_segment Stone Wall x1 |
| 23:27 | SleepySwede · wall_segment Stone Wall x1 |
| 24:22 | nalle k · first_building Monastery |
| 24:37 | Ganji · wall_segment Palisade Wall x1 |
| 24:55 | Kaeften · first_building Castle |
| 24:56 | SleepySwede · first_building Castle |
| 25:05 | Yakul · wall_segment Stone Wall x6 |
| 25:14 | Yakul · wall_segment Stone Wall x12 |
| 25:26 | nalle k · first_building Castle |
| 25:44 | Gripen · first_building Castle |
| 25:44 | nalle k · first_building Barracks |
| 25:46 | Kaeften · wall_segment Stone Wall x1 |
| 25:49 | Kaeften · wall_segment Stone Wall x1 |
| 25:50 | Kaeften · wall_segment Stone Wall x1 |
| 26:03 | Kaeften · wall_segment Stone Wall x1 |
| 26:10 | Gripen · first_market_sell 100 food |
| 26:17 | Spaden · wall_segment Stone Wall x11 |
| 26:17 | RudelyGreat · first_building Castle |
| 26:20 | nalle k · first_building Stable |
| 26:28 | Spaden · wall_segment Stone Wall x11 |
| 26:33 | Spaden · wall_segment Stone Wall x18 |
| 27:17 | Ganji · first_building Barracks |
| 27:57 | Spaden · wall_segment Stone Wall x10 |
| 28:00 | Spaden · wall_segment Stone Wall x1 |
| 28:00 | Kaeften · wall_segment Stone Wall x6 |
| 28:00 | Spaden · wall_segment Stone Wall x1 |
| 28:04 | Kaeften · wall_segment Stone Wall x3 |
| 28:06 | Kaeften · first_market_sell 500 wood |
| 28:30 | Yakul · wall_segment Stone Wall x15 |
| 28:34 | Ganji · age_up imperial |
| 28:34 | Spaden · wall_segment Stone Wall x10 |
| 28:38 | Spaden · wall_segment Stone Wall x7 |
| 28:40 | Kaeften · first_building Siege Workshop |
| 28:58 | nalle k · age_up imperial |
| 29:00 | SleepySwede · first_building Barracks |
| 29:01 | Ganji · wall_segment Stone Wall x1 |
| 29:02 | Kaeften · first_building Donjon |
| 29:05 | RudelyGreat · first_market_sell 100 food |
| 29:12 | Spaden · wall_segment Stone Wall x3 |
| 29:15 | Spaden · wall_segment Stone Wall x3 |
| 29:20 | Gripen · wall_segment Stone Wall x1 |
| 29:21 | Gripen · wall_segment Stone Wall x1 |
| 29:31 | Kaeften · wall_segment Stone Wall x1 |
| 29:32 | Kaeften · wall_segment Stone Wall x1 |
| 29:36 | Spaden · wall_segment Stone Wall x1 |
| 29:37 | Spaden · wall_segment Stone Wall x1 |
| 29:40 | Kaeften · wall_segment Stone Wall x1 |
| 29:48 | Ganji · first_market_sell 100 food |
| 29:48 | Kaeften · wall_segment Stone Wall x1 |
| 29:55 | Spaden · age_up imperial |
| 29:56 | Yakul · first_building Monastery |
| 30:10 | Gripen · age_up imperial |
| 30:20 | SleepySwede · first_market_sell 100 food |
| 30:28 | Yakul · wall_segment Stone Wall x4 |
| 30:33 | Spaden · wall_segment Stone Wall x1 |
| 30:34 | Spaden · wall_segment Stone Wall x1 |
| 30:37 | Spaden · wall_segment Stone Wall x1 |
| 30:40 | Spaden · wall_segment Stone Wall x1 |
| 30:44 | Spaden · wall_segment Stone Wall x1 |
| 30:46 | Spaden · wall_segment Stone Wall x1 |
| 30:53 | SleepySwede · age_up imperial |
| 31:01 | Yakul · first_building Castle |
| 31:21 | Kaeften · age_up imperial |
| 31:22 | Yakul · wall_segment Stone Wall x1 |
| 31:27 | SleepySwede · first_building Archery Range |
| 31:29 | SleepySwede · first_building Stable |
| 31:30 | Ganji · first_building Stable |
| 32:24 | Gripen · first_building Archery Range |
| 32:34 | RudelyGreat · age_up imperial |
| 33:03 | Yakul · wall_segment Stone Wall x1 |
| 33:05 | Yakul · wall_segment Stone Wall x1 |
| 33:06 | Yakul · wall_segment Stone Wall x1 |
| 33:12 | nalle k · wall_segment Stone Wall x1 |
| 33:20 | nalle k · wall_segment Stone Wall x1 |
| 33:23 | Spaden · wall_segment Stone Wall x1 |
| 33:42 | nalle k · first_building Siege Workshop |
| 34:06 | Yakul · age_up imperial |
| 34:27 | Spaden · wall_segment Stone Wall x1 |
| 35:21 | Spaden · wall_segment Stone Wall x1 |
| 35:26 | Spaden · wall_segment Stone Wall x1 |
| 35:32 | Spaden · wall_segment Stone Wall x1 |
| 35:35 | Kaeften · wall_segment Stone Wall x4 |
| 35:49 | Gripen · first_building Siege Workshop |
| 36:56 | Spaden · tribute_sent a jugador 1 |
| 36:56 | Spaden · tribute_sent a jugador 2 |
| 36:56 | Spaden · tribute_sent a jugador 4 |
| 36:56 | Spaden · tribute_sent a jugador 5 |
| 36:57 | Spaden · tribute_sent a jugador 6 |
| 36:57 | Spaden · tribute_sent a jugador 7 |
| 36:57 | Spaden · tribute_sent a jugador 8 |
| 37:32 | Kaeften · wall_segment Stone Wall x1 |
| 38:05 | Kaeften · resign |
[ AI ANALYSIS · 1 CREDIT ]
What really happened in this match?
Wolo.gg analyzes every decision: build order, eco, micro, common mistakes by bracket. Personalized analysis on WhatsApp or Discord in 30 seconds.
Civ guide
Armenians
Perfil
Jugador #931567